 Dungeon Crawl Stone Soup version 0.31.0-32-g396128a36d (webtiles) character file.

Game seed: 13996810709182440426

25559 cdecastro the Fighter (level 12, 0/100 HPs)
             Began as an Armataur Warper on Mar 25, 2024.
             Was a High Priest of Hepliaklqana.
             Slain by Snorg (12 damage)
             ... on level 13 of the Dungeon on Mar 27, 2024.
             The game lasted 00:34:42 (14343 turns).

cdecastro the Fighter (Armataur Warper)            Turns: 14343, Time: 00:34:42

Health: 0/100      AC: 41    Str: 16    XL:     12   Next: 90%
Magic:  19/19      EV:  4    Int: 18    God:    Hepliaklqana [*****.]
Gold:   1540       SH:  0    Dex: 17    Spells: 14/14 levels left

rFire   + . .        P - +8 lance "Wyrmbane" {slay drac, rPois rF+ rC+ AC+3}
rCold   + . .        (no shield)
rNeg    + . .        c - +9 crystal plate armour of Asmuhoqu {rN+}
rPois   +            x - +2 helmet
rElec   .            (no cloak)
rCorr   .            D - +1 pair of gloves
SInv    .            J - +0 barding
Will    +....        (no amulet) Stlth
                     y - +6 ring of dexterity
HPRegen 0.36/turn    g - ring of Cop Afoq {+Blink Will+ EV+5}
MPRegen 0.16/turn

%: roll
@: no status effects
A: reduced essence, large, deformed body, tough skin 3, armoured tail, roll 2
a: Renounce Religion, Evoke Blink, Recall Ancestor, Ancestor Identity,
Transference, Idealise


You were on level 13 of the Dungeon.
You worshipped Hepliaklqana.
Hepliaklqana was extremely pleased with you.
You visited 2 branches of the dungeon, and saw 14 of its levels.
You also visited: Bailey.

You collected 1559 gold pieces.
You spent 19 gold pieces at shops.

Inventory:

Hand Weapons
 P - the +8 lance "Wyrmbane" (weapon) {slay drac, rPois rF+ rC+ AC+3}
   (You found it on level 11 of the Dungeon)

   AC+3:      It affects your AC (+3).
   rF+:       It protects you from fire.
   rC+:       It protects you from cold.
   rPois:     It protects you from poison
Missiles
 d - 7 darts of dispersal
 j - 9 javelins
 s - 16 boomerangs
 v - 27 poisoned darts (quivered)
 C - a curare-tipped dart
Armour
 a - a +3 scale mail of poison resistance
 b - the +1 helmet "Vossuk" {^Contam rC+ Int+3}
   (You found it in a bailey)

   Int+3:     It affects your intelligence (+3).
   rC+:       It protects you from cold.
   ^Contam:   It causes magical contamination when unequipped.
 c - the +9 crystal plate armour of Asmuhoqu (worn) {rN+}
   (You acquired it in a bailey)

   rN+:       It protects you from negative energy.
 x - a +2 helmet (worn)
 D - a +1 pair of gloves (worn)
 G - a +0 tower shield
 I - a +3 chain mail of fire resistance
 J - a +0 barding (worn)
Magical Staves
 K - a staff of air
Jewellery
 g - the ring of Cop Afoq (right hand) {+Blink Will+ EV+5}
   (You acquired it in a bailey)

   [ring of evasion]

   EV+5:      It affects your evasion (+5).
   Will+:     It increases your willpower.
   +Blink:    It lets you blink.
 y - a +6 ring of dexterity (left hand)
 Q - an amulet of faith
Wands
 o - a wand of charming (6)
 p - a wand of mindburst (8)
 A - a wand of flame (42)
Scrolls
 h - a scroll of silence {unknown}
 i - 4 scrolls of teleportation
 k - 2 scrolls of enchant armour {unknown}
 l - 5 scrolls of fear
 r - 2 scrolls of revelation {unknown}
 t - 3 scrolls of poison {unknown}
 B - a scroll of noise {unknown}
 F - 4 scrolls of enchant weapon
 H - a scroll of acquirement
 L - a scroll of immolation {unknown}
 N - a scroll of vulnerability {unknown}
 O - a scroll of identify
Potions
 e - a potion of ambrosia
 f - 2 potions of resistance
 m - a potion of mutation
 n - 5 potions of curing
 q - a potion of cancellation
 u - a potion of lignification
 w - 2 potions of might
 z - a potion of brilliance
 E - a potion of invisibility
 R - a potion of heal wounds


   Skills:
 - Level 12.0 Fighting
 - Level 1.7 Maces & Flails
 * Level 6.8 Polearms
 - Level 8.0 Throwing
 - Level 11.1 Armour
 - Level 1.3 Dodging
 - Level 1.7 Spellcasting
 - Level 3.0 Translocations
 - Level 10.0 Invocations


You had 14 spell levels left.
You didn't know any spells.
Your spell library contained the following spells:

 Spells                   Type           Power      Damage    Failure   Level
 Freeze                   Ice            4%         1d3       100%        1
 Blink                    Tloc           24%        N/A       100%        2
 Cigotuvi's Dreadful Rot  Necr/Alch/Air  2%         N/A       100%        2
 Lesser Beckoning         Tloc           24%        N/A       100%        2
 Dazzling Flash           Conj/Hex       2%         N/A       100%        3
 Frozen Ramparts          Ice            2%         1d1       100%        3
 Gell's Gravitas          Tloc           12%        N/A       100%        3
 Hailstorm                Conj/Ice       1%         3d5       100%        3
 Mephitic Cloud           Conj/Alch/Air  1%         N/A       100%        3
 Teleport Other           Tloc           12%        N/A       100%        3
 Dispel Undead            Necr           1%         3d6       100%        4
 Ignite Poison            Fire/Alch      1%         N/A       100%        4
 Manifold Assault         Tloc           12%        N/A       100%        4
 Martyr's Knell           Necr/Summ      1%         N/A       100%        4
 Sticky Flame             Fire/Alch      1%         2d4       100%        4
 Vhi's Electric Charge    Tloc/Air       12%        N/A       100%        4
 Curse of Agony           Necr           1%         N/A       100%        5
 Silence                  Hex/Air        0%         N/A       100%        5
 Summon Forest            Summ/Tloc      3%         N/A       100%        5
 Death Channel            Necr           0%         N/A       100%        6
 Eringya's Noxious Bog    Alch           0%         4d6       100%        6
 Summon Hydra             Summ           0%         N/A       100%        7
 Ignition                 Fire           0%         3d3       100%        8


Dungeon Overview and Level Annotations

Branches:
Dungeon (13/15)            Temple (1/1) D:4            Lair (0/5) D:10
    Orc (0/2) D:12         Bailey (visited)
 Vaults: D:13-14

Altars:
Ashenzari
Cheibriados
Dithmenos
Elyvilon
Fedhas
Gozag
Hepliaklqana
Kikubaaqudgha
Makhleb
Nemelex Xobeh
Okawaru
Qazlal
Ru
Sif Muna
Trog
Uskayaw
Vehumet
Wu Jian
Xom
Yredelemnul
Zin
The Shining One
Jiyva

Shops:
D:2 *   D:6 :

Annotations:
D:12 3 runed translucent doors, Naggiasi's ghost, journeyman KoBr
D:13 Snorg


Innate Abilities, Weirdness & Mutations

Your life essence is reduced to manifest your ancestor. (-10% HP)
Armour fits poorly on your strangely shaped body.
You have extremely tough skin. (AC +3)
You have a long armoured tail.
You regenerate magic and health when rolling toward enemies. (Rampage Regen)


Message History

Snorg shouts!
You hear a shout! x2
You hit Snorg.
Snorg is lightly wounded.
Snorg bites you but does no damage. Snorg claws you but does no damage. x2
You barely miss Snorg.
Your tail-slap misses Snorg.
Snorg is lightly wounded.
Snorg goes berserk!
You puncture Snorg! You tail-slap Snorg.
Snorg is lightly wounded.
Tawil gestures at Snorg while chanting.
The puff of frost hits Snorg.
Snorg bites you but does no damage. Snorg claws you but does no damage.
Snorg claws you!
You puncture Snorg!
Snorg is moderately wounded.
Snorg bites you!! Snorg claws you but does no damage. x2
Tawil gestures at Snorg while chanting.
The puff of frost hits Snorg!
You strike the helpless Snorg from behind!
You puncture Snorg!
Snorg is moderately wounded.
Snorg bites you. Snorg claws you! Snorg barely misses you.
You puncture Snorg!
Snorg is heavily wounded.
Snorg barely misses you. Snorg claws you but does no damage.
Snorg barely misses you.
You puncture Snorg! You tail-slap Snorg!
Snorg is severely wounded.
Snorg bites you but does no damage. Snorg claws you but does no damage.
Snorg claws you!
* * * LOW HITPOINT WARNING * * *
Tawil casts a spell at Snorg.
The stone arrow hits Snorg!
Snorg barely misses you. Snorg claws you!
* * * LOW HITPOINT WARNING * * *
Snorg claws you but does no damage.
You puncture Snorg! You tail-slap Snorg.
Snorg is almost dead.
Snorg bites you!
* * * LOW HITPOINT WARNING * * *
Snorg claws you but does no damage. Snorg claws you!
You die...

........##.
...........
.(>.....#
........#
........# #
##.######
.# #..# .#
##.#
######.####
###'##
#..R@T....#
.....#
#.#.#####.#
.###.#
#...#
...R.#
#######.#
##.###
#.....R.#
.#.#
#.###.###
.#.###.#
#.....#
.......#
#####.##
#'######
#..#


You could see the friendly Tawil the battlemage and Snorg (berserk, ally
target).

Vanquished Creatures
  Frances (D:13)
  4 two-headed ogres
  A centaur warrior (D:13)
  An orc high priest (Bailey)
  Urug (D:12)
  An orc sorcerer (Bailey)
  An ugly thing (D:12)
  A manticore (D:12)
  An unseen horror (D:12)
  2 trolls
  Grinder (D:6)
  3 slime creatures
  2 wraiths
  28 yaks
  A warg (D:10)
  Edmund (D:6)
  2 acid dragons
  2 water moccasins (D:7)
  A sky beast (D:8)
  9 orc warriors
  A black bear (D:5)
  2 ogres
  7 centaurs
  3 wolves
  A kobold brigand (D:10)
  3 bullfrogs
  3 scorpions
  8 killer bees
  3 electric eels (Bailey)
  A howler monkey (D:7)
  2 bombardier beetles (D:5)
  3 hounds (D:6)
  5 orc priests
  Natasha (thrice) (D:3)
  Terence (D:3)
  3 sleepcaps
  4 iguanas
  7 orc wizards
  2 gnolls (Bailey)
  8 adders
  A shadow imp (D:7)
  4 white imps
  An ufetubus (D:7)
  2 dart slugs (D:1)
  A ribbon worm (D:4)
  31 orcs
  8 ball pythons
  6 endoplasms
  4 giant cockroaches
  15 goblins
  6 hobgoblins
  4 jackals (D:1)
  4 quokkas
  4 bats
  2 frilled lizards
  2 jackal zombies (D:9)
  14 kobolds
  6 rats
249 creatures vanquished.

Vanquished Creatures (collateral kills)
  Nessos (D:13)
  Harold (D:9)
  Erolcha (D:13)
  Erica (D:11)
  A cyclops (D:11)
  2 unseen horrors
  A troll (D:13)
  Prince Ribbit (D:9)
  2 slime creatures (D:12)
  3 shadows
  A wyvern (D:11)
  An unseen horror simulacrum (D:9)
  A vampire (D:11)
  A wraith (D:12)
  11 yaks
  Grum (D:8)
  3 orc warriors
  2 ice beasts
  5 wolves
  3 centaurs
  A phantom (D:7)
  3 kobold brigands
  A burial acolyte (D:9)
  A killer bee (D:8)
  An electric eel (D:9)
  A bombardier beetle (D:4)
  A jelly (D:6)
  4 orc priests
  A hound (D:7)
  2 iguanas
  A sleepcap (D:6)
  5 orc wizards
  A centaur simulacrum (D:9)
  3 adders
  2 white imps (D:9)
  An ufetubus (D:7)
  An adder zombie (D:9)
  A dart slug (D:4)
  A ribbon worm (D:5)
  12 orcs
  3 goblins (Bailey)
  7 kobolds
  2 quokkas
99 creatures vanquished.

Vanquished Creatures (others)
  10 battlemagi
  8 ancestors
18 creatures vanquished.

Grand Total: 366 creatures vanquished

Notes
Turn   | Place    | Note
-------+----------+-------------------------------------------
     0 | D:1      | cdecastro the Armataur Warper began the quest for the Orb.
     0 | D:1      | Reached XP level 1. HP: 17/17 MP: 3/3
    13 | D:1      | Reached skill level 2 in Fighting
    28 | D:1      | Reached XP level 2. HP: 19/25 MP: 4/4
   370 | D:1      | Reached skill level 3 in Fighting
   907 | D:1      | Reached XP level 3. HP: 21/31 MP: 5/5
  1370 | D:2      | Found Xazupron's Assorted Antiques.
  1381 | D:2      | Bought a sedimented grey potion for 19 gold pieces
  1538 | D:2      | Found a faded altar of an unknown god.
  1669 | D:2      | Prayed at the altar of an unknown god.
  1669 | D:2      | Became a worshipper of Hepliaklqana the Forgotten
  1669 | D:2      | Reached * piety under Hepliaklqana
  1737 | D:3      | Reached skill level 4 in Fighting
  1737 | D:3      | Reached XP level 4. HP: 17/36 MP: 6/6
  2145 | D:3      | Noticed Terence
  2153 | D:3      | Killed Terence
  2154 | D:3      | Reached XP level 5. HP: 23/42 MP: 7/7
  2324 | D:3      | Reached skill level 5 in Fighting
  2630 | D:3      | Noticed Natasha
  2641 | D:3      | Killed Natasha
  2783 | D:3      | Noticed Natasha
  2791 | D:3      | Killed Natasha
  2949 | D:3      | Noticed Natasha
  2957 | D:3      | Killed Natasha
  2958 | D:3      | Reached XP level 6. HP: 46/51 MP: 8/8
  3001 | D:4      | Reached skill level 6 in Fighting
  3037 | D:4      | Found a staircase to the Ecumenical Temple.
  3122 | D:4      | Reached ** piety under Hepliaklqana
  3736 | D:5      | Entered Level 5 of the Dungeon
  3748 | D:5      | Reached skill level 7 in Fighting
  3748 | D:5      | Gained mutation: You regenerate magic and health when
                  | rolling toward enemies. (Rampage Regen) [Armataur growth]
  3748 | D:5      | Reached XP level 7. HP: 58/59 MP: 9/9
  4088 | Temple   | Entered the Ecumenical Temple
  4130 | D:5      | Reached skill level 8 in Fighting
  4341 | D:5      | Reached XP level 8. HP: 27/67 MP: 10/10
  4646 | D:5      | Found a faded altar of an unknown god.
  4650 | D:5      | Found a hazy altar of Hepliaklqana.
  4784 | D:5      | Found a snail-covered altar of Cheibriados.
  4930 | D:6      | Found Doipt's Book Boutique.
  5042 | D:6      | Reached skill level 9 in Fighting
  5103 | D:6      | Noticed Edmund
  5118 | D:6      | Killed Edmund
  5747 | D:6      | Reached skill level 10 in Fighting
  5855 | D:6      | Reached *** piety under Hepliaklqana
  5956 | D:6      | Found an ornate altar of the Wu Jian Council.
  6011 | D:6      | Noticed Grinder
  6025 | D:6      | Killed Grinder
  6229 | D:7      | Reached XP level 9. HP: 77/77 MP: 11/11
  6425 | D:7      | Found a flagged portal.
  6436 | Bailey   | Entered a bailey
  6480 | Bailey   | Reached skill level 5 in Armour
  6765 | Bailey   | Noticed an orc high priest
  6782 | Bailey   | Killed an orc high priest
  7228 | Bailey   | Acquired the +9 crystal plate armour of Asmuhoqu {rN+}
  7251 | Bailey   | Acquired the ring of Cop Afoq {+Blink Will+ EV+5}
  7254 | Bailey   | Acquired 772 gold pieces
  7258 | Bailey   | Found an iron altar of Okawaru.
  7258 | Bailey   | Noticed an orc sorcerer
  7266 | Bailey   | Reached skill level 10 in Armour
  7273 | Bailey   | Noticed a smoke demon
  7273 | Bailey   | Killed an orc sorcerer
  7274 | Bailey   | Reached XP level 10. HP: 69/84 MP: 12/12
  7288 | Bailey   | Identified the +1 helmet "Vossuk" {^Contam rC+ Int+3}
  7522 | Bailey   | Remembered your ancestor Tawil as a battlemage
  7689 | D:7      | Reached **** piety under Hepliaklqana
  8053 | D:8      | Reached skill level 1 in Invocations
  8439 | D:8      | Noticed Grum
  8524 | D:8      | Reached skill level 5 in Invocations
  9013 | D:8      | Killed Grum
  9023 | D:9      | Noticed Prince Ribbit
  9305 | D:9      | Killed Prince Ribbit
  9306 | D:9      | Reached XP level 11. HP: 78/90 MP: 17/17
  9338 | D:9      | Noticed Harold
  9351 | D:9      | Killed Harold
  9582 | D:9      | Reached skill level 10 in Invocations
  9648 | D:9      | Noticed a two-headed ogre
  9650 | D:9      | Noticed a two-headed ogre
  9672 | D:9      | Reached skill level 11 in Fighting
  9678 | D:9      | Killed a two-headed ogre
  9681 | D:9      | Killed a two-headed ogre
  9961 | D:9      | Found an ancient bone altar of Kikubaaqudgha.
 10102 | D:9      | Reached skill level 1 in Throwing
 10106 | D:9      | Reached skill level 12 in Fighting
 10184 | D:9      | Found an iron altar of Okawaru.
 10188 | D:9      | Found a shadowy altar of Dithmenos.
 10191 | D:9      | Found a glowing golden altar of the Shining One.
 10234 | D:9      | Found a radiant altar of Vehumet.
 10234 | D:9      | Found a sacrificial altar of Ru.
 10234 | D:9      | Found an opulent altar of Gozag.
 10234 | D:9      | Found a glowing silver altar of Zin.
 10240 | D:9      | Found a stormy altar of Qazlal.
 10240 | D:9      | Found a white marble altar of Elyvilon.
 10353 | D:10     | Entered Level 10 of the Dungeon
 10650 | D:10     | Noticed a two-headed ogre
 10682 | D:10     | Killed a two-headed ogre
 10684 | D:10     | Noticed a two-headed ogre
 10697 | D:10     | Killed a two-headed ogre
 10703 | D:10     | Reached skill level 5 in Throwing
 10709 | D:10     | HP: 3/93 [yak (7)]
 11200 | D:10     | Reached XP level 12. HP: 80/100 MP: 19/19
 11289 | D:10     | Found a staircase to the Lair.
 11348 | D:10     | You fall into a shaft and drop 2 floors!
 11364 | D:12     | Reached ***** piety under Hepliaklqana
 11623 | D:11     | Noticed Erica
 11804 | D:11     | Found a blossoming altar of Fedhas.
 11852 | D:11     | Killed Erica
 12404 | D:11     | Found the +8 lance "Wyrmbane" {slay drac, rPois rF+ rC+
                  | AC+3}
 12564 | D:12     | Found a staircase to the Orcish Mines.
 12588 | D:12     | Noticed an azure jelly
 12589 | D:12     | Found a runed translucent gate.
 12589 | D:12     | Noticed an azure jelly
 12589 | D:12     | Noticed Naggiasi's ghost (journeyman KoBr)
 12589 | D:12     | Noticed an acid blob
 12589 | D:12     | Noticed an acid blob
 12589 | D:12     | Noticed an azure jelly
 12589 | D:12     | Noticed a quicksilver ooze
 12589 | D:12     | Noticed an azure jelly
 12590 | D:12     | Noticed an acid blob
 12590 | D:12     | Noticed an azure jelly
 12591 | D:12     | Found a runed translucent gate.
 12591 | D:12     | Found a runed translucent gate.
 12591 | D:12     | Noticed an azure jelly
 12591 | D:12     | Noticed an azure jelly
 12591 | D:12     | Noticed an azure jelly
 12595 | D:12     | Found a viscous altar of Jiyva.
 12766 | D:12     | Reached skill level 1 in Polearms
 12928 | D:12     | Noticed Urug
 12939 | D:12     | Killed Urug
 13663 | D:13     | Noticed Erolcha
 13667 | D:13     | Killed Erolcha
 13668 | D:13     | Reached skill level 5 in Polearms
 13809 | D:13     | Noticed a centaur warrior
 13824 | D:13     | Killed a centaur warrior
 13970 | D:13     | Noticed Nessos
 13988 | D:13     | Killed Nessos
 14171 | D:13     | Noticed Frances
 14186 | D:13     | Killed Frances
 14334 | D:13     | Noticed Snorg
 14343 | D:13     | Slain by Snorg

Illustrated notes

Levels and vault maps discovered:
D:1:      sevenhm_arrival_forest_fort_small_6, layout_basic
D:2:      layout_rooms, serial_shops, nicolae_shop_tiny_statue_garden,
          hellmonk_ecumenical_altar_defaced_shrine
D:3:      layout_loops_ring, moated_statue, kennysheep_generic_room_14,
          uniq_natasha, uniq_terence
D:4:      layout_gridville, minmay_temple_entry_trees, fountainhead
D:5:      layout_rooms, chei_slow_surprise, beargit_hepliaklqana_dungeon_heroes,
          st_stairs_12
D:6:      layout_loops_ring, kennysheep_mini, serial_shops, shop_coins,
          minmay_starry_boxes, uniq_grinder, uniq_edmund
D:7:      layout_gridville, enter_bailey_2, grunt_ministairs_7, st_stairs_14,
          minivault_23
D:8:      layout_loops_ring, grunt_decor_junction, minmay_circle_x, uniq_grum
D:9:      layout_rooms, minitemple, lemuel_zombie_altar_kikubaaqudgha,
          minmay_overflow_temple_hex, serial_ice, serial_ice_l, serial_ice_n,
          serial_ice_d, serial_ice_f, serial_ice_g, uniq_harold,
          uniq_prince_ribbit1
D:10:     layout_rooms, erik_lair_orcish_takeover
D:11:     layout_irregular_city, fedhas_altar_3, uniq_erica
D:12:     layout_basic, orc_0_dummy, gammafunk_ghost_ooze, uniq_urug
D:13:     layout_roguey, david_vaults_2, uniq_frances, uniq_lodul, uniq_nessos,
          uniq_erolcha, uniq_snorg
Temple:   nicolae_temple_ecumenical_triangle

Skill      XL: |  1  2  3  4  5  6  7  8  9 10 11 12 |
---------------+-------------------------------------+-----
Fighting       | 2 3 4 5 7 8 10 12 | 12.0
Armour         | 2 10 11 | 11.1
Invocations    | 8 10 | 10.0
Throwing       | 5 8 |  8.0
Polearms       | 6 |  6.8
Maces & Flails | |  1.7
Dodging        | |  1.3
Spellcasting   | |  1.7
Translocations | |  3.0

Action                     |  1- 3 |  4- 6 |  7- 9 | 10-12 || total
---------------------------+-------+-------+-------+-------++-------
  Melee: Mace              |    87 |       |       |       ||    87
         Tailslap          |    15 |    23 |    61 |   129 ||   228
         Short sword       |    63 |   133 |    69 |       ||   265
         Punch             |       |     4 |     1 |     1 ||     6
         Quarterstaff      |       |       |   203 |   464 ||   667
         Lance             |       |       |       |   125 ||   125
  Throw: Dart              |       |       |     3 |    15 ||    18
 Invoke: Recall Ancestor   |       |     4 |     4 |    10 ||    18
         Ancestor Life: Ba |       |       |       |     1 ||     1
         Transference      |       |       |       |     1 ||     1
  Evoke: Wand              |       |       |     8 |       ||     8
    Use: Scroll            |       |       |    11 |     8 ||    19
         Potion            |       |       |     1 |     3 ||     4
   Stab: Distracted        |       |       |     1 |     5 ||     6
 Armour: Leather armour    |     5 |       |       |       ||     5
         Ring mail         |   101 |   106 |    74 |       ||   281
         Chain mail        |       |       |   211 |       ||   211
         Crystal plate arm |       |       |     9 |   963 ||   972
  Dodge: Dodged            |    53 |    49 |    98 |   159 ||   359
